 Dungeon Crawl Stone Soup version 0.24-a0-582-g4d4af813a0 (webtiles) character file.

Game seed: 12115686528409095872

148670 Peloso the Peltast (level 16, -2/135 HPs)
             Began as a Minotaur Fighter on Aug 26, 2019.
             Was the Champion of Okawaru.
             Drowned by a drowned soul (9 damage)
             ... summoned by a merfolk avatar
             ... on level 3 of the Shoals on Aug 27, 2019.
             The game lasted 01:27:59 (31141 turns).

Peloso the Peltast (Minotaur Fighter)              Turns: 31141, Time: 01:28:00

Health: -2/135     AC: 23    Str: 30    XL:     16   Next: 94%
Magic:  16/16      EV: 13    Int:  5    God:    Okawaru [******]
Gold:   1593       SH: 19    Dex: 18    Spells: 15/15 levels left

rFire    . . .     SeeInvis .   a - +4 demon blade (freeze)
rCold    + + .     Gourm    .   c - +2 shield {AC+3}
rNeg     . . .     Faith    +   N - +1 plate armour "Lawketwa" {*Corrode MR++}
rPois    +         Spirit   .   J - +2 hat {MR+}
rElec    .         Reflect  .   r - +0 cloak
rCorr    .         Harm     .   u - +1 pair of gloves {Str+3}
MR       ++++.                  (no boots)
Stlth    ..........             H - amulet of faith
HPRegen  0.32/turn              P - ring "Giskaib" {rC++ Str+2 Dex+5}
MPRegen  0.15/turn              g - ring of poison resistance

@: corroded, very slow
A: retaliatory headbutt, horns 2, frail 1
a: Heroism, Finesse, Renounce Religion


You were on level 3 of the Shoals.
You worshipped Okawaru.
Okawaru was exalted by your worship.
You were not hungry.

You visited 4 branches of the dungeon, and saw 26 of its levels.
You also visited: Bailey.

You collected 2813 gold pieces.
You spent 1220 gold pieces at shops.

Inventory:

Hand Weapons
 a - a +4 demon blade of freezing (weapon)
 Y - a +1 scimitar of flaming
Armour
 c - a +2 shield of protection (worn)
 r - a +0 cloak (worn)
 t - a +4 chain mail of fire resistance
 u - a +1 pair of gloves of strength (worn)
 G - a +1 large shield of fire resistance
 J - a +2 hat of magic resistance (worn)
 N - the +1 plate armour "Lawketwa" (worn) {*Corrode MR++}
   (Okawaru gifted it to you on level 2 of the Orcish Mines)

   It affects your resistance to hostile enchantments.
   It may corrode you when you take damage.
 W - a +2 pair of gloves of archery
Jewellery
 g - a ring of poison resistance (right hand)
 z - a +3 ring of slaying {unknown}
 A - an uncursed ring of protection from cold
 B - a +4 amulet of reflection
 H - an amulet of faith (around neck)
 I - a cursed ring of teleportation {unknown}
 O - an uncursed ring of flight
 P - the ring "Giskaib" (left hand) {rC++ Str+2 Dex+5}
   (You bought it in a shop on level 2 of the Orcish Mines)

   [ring of strength]

   It affects your strength (+2).
   It affects your dexterity (+5).
   It greatly protects you from cold.
 U - an uncursed ring of protection from magic
Wands
 b - a wand of paralysis (26)
 d - a wand of iceblast (10)
 k - a wand of clouds (7)
 n - a wand of acid (10)
 o - a wand of flame (26)
 T - a wand of digging (3)
Scrolls
 i - 20 scrolls of remove curse
 j - 5 scrolls of teleportation
 l - 2 scrolls of magic mapping
 s - 3 scrolls of fear
 v - 3 scrolls of noise
 y - a scroll of enchant armour
 C - a scroll of enchant weapon
 F - a scroll of amnesia
 M - 2 scrolls of fog
 R - 2 scrolls of identify
Potions
 e - 9 potions of curing
 h - a potion of haste
 m - a potion of resistance
 p - 3 potions of flight
 q - 2 potions of berserk rage
 w - 4 potions of might
 x - 2 potions of agility
 D - a potion of invisibility
 K - 5 potions of mutation
 S - 3 potions of heal wounds
Comestibles
 f - 52 rations
 E - 2 chunks of flesh


   Skills:
 + Level 16.1 Fighting
 + Level 17.8 Long Blades
 + Level 14.7 Armour
 + Level 7.0 Dodging
 + Level 2.3 Stealth
 + Level 20.2 Shields
 + Level 1.7 Invocations
 + Level 1.5 Evocations


You had 15 spell levels left.
You didn't know any spells.
Your spell library contained the following spells:

 Spells                   Type           Power        Failure   Level  Hunger
 Beastly Appendage        Tmut           #.....       96%         1    ##.....
 Infusion                 Chrm           #...         96%         1    ##.....
 Sandblast                Erth           #.....       96%         1    ##.....
 Passwall                 Tmut/Erth      #.......     99%         2    ###....
 Shroud of Golubria       Chrm/Tloc      #.....       99%         2    ###....
 Song of Slaying          Chrm           #.......     99%         2    ###....
 Sticks to Snakes         Tmut           #.......     99%         2    ###....
 Regeneration             Chrm/Necr      #.........   100%        3    ####...
 Spectral Weapon          Hex/Chrm       #.......     100%        3    ####...
 Spider Form              Tmut/Pois      #.........   100%        3    ####...
 Stone Arrow              Conj/Erth      #.....       100%        3    ####...
 Ice Form                 Ice/Tmut       #.......     100%        4    #####..
 Petrify                  Tmut/Erth      #.......     100%        4    #####..
 Summon Lightning Spire   Summ/Air       #.......     100%        4    #####..
 Blade Hands              Tmut           #.........   100%        5    ######.
 Irradiate                Conj/Tmut      #.........   100%        5    ######.
 Lee's Rapid Deconstruct  Erth           #.........   100%        5    ######.
 Silence                  Hex/Air        #.........   100%        5    ######.
 Conjure Ball Lightning   Conj/Air       #.........   100%        6    #######
 Deflect Missiles         Chrm/Air       #.........   100%        6    #######
 Hydra Form               Tmut           #.........   100%        6    #######
 Statue Form              Tmut/Erth      #........    100%        6    #######
 Dragon Form              Tmut           #.........   100%        7    #######
 Tornado                  Air            #.........   100%        9    #######


Dungeon Overview and Level Annotations

Branches:
Dungeon (15/15)            Temple (0/1) D:5            Lair (6/6) D:10
 Shoals (3/4) Lair:3       Spider (0/4) Lair:4        Slime (0/5) Lair:5
    Orc (2/2) D:12            Elf (0/3) Orc:2        Vaults (0/5) D:14
 Depths (0/5) D:15         Bailey (visited)

Altars:
Ashenzari
Cheibriados
Elyvilon
Fedhas
Hepliaklqana
Kikubaaqudgha
Makhleb
Okawaru
Qazlal
Sif Muna
Vehumet
Wu Jian
Xom
The Shining One
Beogh

Shops:
D:9 =   D:12 }   D:14 !   D:15 ?   Orc:2 !*=[!

Annotations:
D:4 1 runed translucent door, soark's ghost, amateur DsFi
D:7 3 runed translucent doors, Stiffzip's ghost, novice SpAK; TheNamelessOne's ghost, novice OpAs; hitsuchi's ghost, novice DsFi
Lair:1 exclusion: 3 oklob plants


Innate Abilities, Weirdness & Mutations

You reflexively headbutt those who attack you in melee.
You have a pair of horns on your head.
You are frail. (-10% HP)


Message History

You headbutt the merfolk avatar!
The merfolk avatar is severely wounded.
The drowned soul touches you. The drowned soul drowns you!
* * * LOW HITPOINT WARNING * * *
The merfolk avatar chants a haunting song.
You resist with almost no effort.
You barely miss the merfolk avatar. You headbutt the merfolk avatar!
The merfolk avatar is severely wounded.
The drowned soul touches you. The drowned soul drowns you!
* * * LOW HITPOINT WARNING * * *
The drowned soul touches you. The drowned soul drowns you!
* * * LOW HITPOINT WARNING * * *
Your corrosive artefact corrodes you!
Unknown command.
Your unstable footing causes you to fumble your attack.
Your unstable footing causes you to fumble your attack.
The drowned soul touches you.
* * * LOW HITPOINT WARNING * * *
The drowned soul drowns you!
You die...

... #≈≈..####........≈
≈≈..###≈≈...##..≈.....≈≈
≈≈≈....≈≈..###.....###..
.≈≈≈≈..≈≈≈.###...≈.##..≈
≈$≈≈≈≈≈≈≈≈≈......≈....≈≈
.≈≈≈W≈≈≈≈≈≈≈.....≈≈...≈≈
.≈≈≈≈≈≈≈≈<≈≈≈###.≈..≈≈≈≈
≈≈≈≈≈≈≈≈≈.≈≈≈##....≈≈≈≈≈
≈≈≈≈≈≈≈@≈≈≈≈≈.....≈≈≈≈≈.
≈....≈≈m≈≈≈≈≈$..≈≈≈≈≈...
.###.≈≈W≈≈≈≈≈≈..≈≈≈≈.###
#.≈≈≈≈≈≈≈≈≈≈≈≈≈...#
#.≈≈≈≈≈≈≈≈≈≈≈≈≈
##.≈≈≈≈≈≈≈≈≈≈≈
##.≈≈≈≈...≈≈ #.....###.


You could see a merfolk avatar and 2 drowned souls.

Vanquished Creatures
  Rupert (D:13)
  Jorgrun (Orc:1)
  Kirke (Shoals:3)
  2 entropy weavers (Lair:6)
  Snorg (D:11)
  2 merfolk javelineers
  4 merfolk impalers
  Fannar (D:11)
  8 hydras
  4 vault guards (D:14)
  An alligator snapping turtle (Shoals:3)
  Erica (D:14)
  5 centaur warriors
  A merfolk aquamancer (Shoals:2)
  16 two-headed ogres
  A dancing weapon (D:14)
  A queen ant (Lair:6)
  3 ogre magi
  A death yak (shapeshifter) (D:14)
  2 satyrs (Shoals:3)
  2 tengu warriors
  An orc high priest (Orc:1)
  A deep elf knight (D:14)
  2 deep trolls
  5 unseen horrors
  3 sea snakes
  14 harpies
  9 orc knights
  4 orc sorcerers
  7 ugly things
  7 cyclopes
  12 manticores
  An oklob plant (Lair:3)
  10 fauns
  Maurice (D:8)
  3 merfolk sirens
  3 naga magi (D:15)
  2 black mambas (Lair:5)
  13 elephants
  A water nymph (Shoals:1)
  17 spiny frogs
  A centaur skeleton (D:13)
  4 rime drakes
  2 kobold demonologists
  13 komodo dragons
  10 merfolk
  A harpy zombie (D:15)
  4 tengu conjurers
  2 jumping spiders (Lair:4)
  14 trolls
  9 polar bears
  5 wind drakes
  5 hornets (Lair:6)
  10 dream sheep
  12 blink frogs
  4 snapping turtles (Shoals:2)
  14 slime creatures
  2 wyverns
  14 hippogriffs
  3 shadows
  11 spriggans (Lair:6)
  3 redbacks (Lair:4)
  2 vampires
  2 basilisks (Lair:2)
  6 water elementals
  3 steam dragons
  55 yaks
  A wraith (D:15)
  2 hungry ghosts
  5 vampire mosquitoes
  7 wargs
  18 soldier ants
  An acid dragon (D:11)
  8 porcupines
  9 water moccasins
  7 ice beasts
  26 orc warriors
  8 black bears
  3 sky beasts
  A phantom (D:11)
  An eye of draining (D:13)
  29 ogres
  4 centaurs
  41 wolves
  4 boggarts (Lair:6)
  14 crocodiles
  5 big kobolds
  A wyvern zombie (D:13)
  18 bullfrogs
  5 scorpions
  17 wights
  5 electric eels
  2 bullfrog zombies
  4 howler monkeys
  11 crimson imps
  2 quasits
  3 centaur zombies
  3 jellies
  3 bullfrog skeletons
  14 orc priests
  7 hounds
  Jessica (D:3)
  6 iguanas
  Ijyb (D:3)
  Natasha (thrice) (D:2)
  15 orc wizards
  19 worker ants
  A hound zombie (D:11)
  A hound skeleton (D:8)
  3 worker ant zombies
  6 gnolls
  12 adders
  5 shadow imps
  An ooze (D:7)
  3 worms
  9 leopard geckos
  97 orcs
  3 bats
  8 giant cockroaches
  8 goblins
  8 hobgoblins
  22 jackals
  12 kobolds
  3 quokkas
  3 frilled lizards
  A leopard gecko skeleton (D:7)
  2 leopard gecko zombies
  3 rats
  A fungus (Lair:4)
  7 plants
939 creatures vanquished.

Vanquished Creatures (others)
  A harpy (Shoals:2)
  4 humans (Shoals:3)
  An orc (D:11)
  A kobold (D:8)
  37 fungi
  12 plants
56 creatures vanquished.

Grand Total: 995 creatures vanquished

Notes
Turn   | Place    | Note
-------+----------+-------------------------------------------
     0 | D:1      | Peloso the Minotaur Fighter began the quest for the Orb.
     0 | D:1      | Reached XP level 1. HP: 19/19 MP: 0/0
   125 | D:1      | Reached XP level 2. HP: 25/27 MP: 1/1
   390 | D:1      | Reached skill level 4 in Shields
   542 | D:2      | Reached XP level 3. HP: 33/33 MP: 2/2
   671 | D:2      | Noticed Natasha
   685 | D:2      | Killed Natasha
   719 | D:2      | Noticed Natasha
   725 | D:2      | HP: 1/33 [Natasha/magic dart (3)]
   729 | D:2      | Killed Natasha
   729 | D:2      | Reached skill level 1 in Dodging
   729 | D:2      | Reached XP level 4. HP: 10/40 MP: 3/3
   974 | D:2      | Noticed Natasha
   982 | D:2      | Killed Natasha
  1537 | D:3      | Reached XP level 5. HP: 47/47 MP: 4/4
  1567 | D:3      | Found a shimmering altar of Xom.
  1623 | D:3      | Noticed Ijyb
  1630 | D:3      | Killed Ijyb
  1630 | D:3      | Reached skill level 5 in Shields
  1797 | D:3      | Found an iron altar of Okawaru.
  1830 | D:3      | Became a worshipper of Warmaster Okawaru
  2547 | D:3      | Noticed Jessica
  2548 | D:3      | Killed Jessica
  2548 | D:3      | Reached XP level 6. HP: 53/53 MP: 5/5
  2724 | D:4      | Found a runed translucent door.
  2728 | D:4      | Noticed soark's ghost (amateur DsFi)
  2729 | D:4      | Found an ornate altar of the Wu Jian Council.
  2791 | D:4      | Found a blossoming altar of Fedhas.
  2941 | D:4      | Found a radiant altar of Vehumet.
  2941 | D:4      | Found a snail-covered altar of Cheibriados.
  2947 | D:4      | Reached skill level 5 in Long Blades
  3135 | D:5      | Entered Level 5 of the Dungeon
  3140 | D:5      | Reached skill level 5 in Armour
  3321 | D:5      | Reached skill level 5 in Fighting
  3321 | D:5      | Reached XP level 7. HP: 60/61 MP: 6/6
  3380 | D:5      | Found a shattered altar of Ashenzari.
  3465 | D:5      | Found a blossoming altar of Fedhas.
  3497 | D:5      | Found a staircase to the Ecumenical Temple.
  3763 | D:6      | Reached * piety under Okawaru
  3808 | D:6      | Found a stormy altar of Qazlal.
  3912 | D:6      | Found a shimmering blue altar of Sif Muna.
  3924 | D:6      | Reached skill level 6 in Shields
  4264 | D:6      | Reached XP level 8. HP: 70/70 MP: 7/7
  4277 | D:6      | Reached ** piety under Okawaru
  4320 | D:6      | HP: 3/70 [orc warrior/+0 hand axe (1)]
  4799 | D:6      | Reached skill level 7 in Shields
  5631 | D:7      | Reached XP level 9. HP: 78/78 MP: 8/8
  6013 | D:7      | Found a hazy altar of Hepliaklqana.
  6040 | D:7      | Reached *** piety under Okawaru
  6050 | D:7      | Reached skill level 8 in Shields
  6110 | D:7      | Found a runed translucent gate.
  6111 | D:7      | Found a runed translucent gate.
  6112 | D:7      | Found a runed translucent gate.
  6113 | D:7      | Noticed hitsuchi's ghost (novice DsFi)
  6113 | D:7      | Noticed TheNamelessOne's ghost (novice OpAs)
  6113 | D:7      | Noticed Stiffzip's ghost (novice SpAK)
  6340 | D:7      | Found an ancient bone altar of Kikubaaqudgha.
  7553 | D:8      | Noticed Maurice
  7594 | D:8      | Killed Maurice
  7655 | D:8      | Reached skill level 10 in Long Blades
  7655 | D:8      | Reached skill level 9 in Shields
  7735 | D:8      | Reached **** piety under Okawaru
  7812 | D:8      | Reached XP level 10. HP: 86/86 MP: 9/9
  8377 | D:9      | Noticed a two-headed ogre
  8384 | D:9      | Killed a two-headed ogre
  8597 | D:9      | Found Fachafa's Jewellery Shop.
  8673 | D:9      | Reached skill level 1 in Invocations
  8783 | D:9      | Found a burning altar of Makhleb.
  9027 | D:10     | Entered Level 10 of the Dungeon
  9065 | D:10     | Reached ***** piety under Okawaru
  9073 | D:10     | Reached skill level 10 in Shields
  9345 | D:10     | Noticed a three-headed hydra
  9350 | D:10     | Killed a one-headed hydra
  9350 | D:10     | Received a gift from Okawaru
  9499 | D:10     | Noticed a five-headed hydra
  9511 | D:10     | Killed a one-headed hydra
  9511 | D:10     | Reached XP level 11. HP: 79/97 MP: 10/10
  9834 | D:10     | Reached skill level 1 in Stealth
  9992 | D:10     | Found a staircase to the Lair.
 10125 | D:11     | Reached skill level 11 in Shields
 10158 | D:11     | Noticed Snorg
 10183 | D:11     | Killed Snorg
 10192 | D:11     | Found a shimmering blue altar of Sif Muna.
 10264 | D:11     | Noticed Fannar
 10350 | D:11     | Killed Fannar
 10551 | D:11     | Found a white marble altar of Elyvilon.
 10811 | D:11     | Received a gift from Okawaru
 10814 | D:11     | Reached skill level 10 in Armour
 11105 | D:11     | Reached skill level 12 in Shields
 11124 | D:11     | Noticed a green ugly thing
 11139 | D:11     | Killed a green ugly thing
 11376 | D:12     | Reached skill level 10 in Fighting
 11382 | D:11     | Received a gift from Okawaru
 11446 | D:12     | Noticed a two-headed ogre
 11451 | D:12     | Killed a two-headed ogre
 11451 | D:12     | Reached XP level 12. HP: 106/106 MP: 12/12
 11484 | D:12     | Noticed a two-headed ogre
 11496 | D:12     | Killed a two-headed ogre
 11628 | D:12     | Found Teull's Gadget Boutique.
 11781 | D:12     | Found a staircase to the Orcish Mines.
 11899 | D:12     | Received a gift from Okawaru
 11924 | D:12     | Found a glowing golden altar of the Shining One.
 12013 | D:12     | Reached skill level 13 in Shields
 12199 | Lair:1   | Entered Level 1 of the Lair of Beasts
 12203 | Lair:1   | Noticed a seven-headed hydra
 12222 | D:10     | Killed a two-headed hydra
 13431 | Lair:2   | Reached skill level 14 in Shields
 13706 | Lair:2   | Reached XP level 13. HP: 116/116 MP: 13/13
 14133 | Lair:3   | Reached ****** piety under Okawaru
 14181 | Lair:3   | Received a gift from Okawaru
 14324 | Lair:3   | Found a staircase to the Shoals.
 14690 | Lair:4   | Reached skill level 5 in Dodging
 15333 | Lair:4   | Received a gift from Okawaru
 15339 | Lair:4   | Found a hole to the Spider Nest.
 15925 | Lair:4   | Reached skill level 15 in Long Blades
 15963 | Lair:5   | Received a gift from Okawaru
 15993 | Lair:5   | Reached skill level 1 in Evocations
 16040 | Lair:5   | Reached skill level 15 in Shields
 16091 | Lair:5   | Found a staircase to the Slime Pits.
 16326 | Lair:5   | Got a twisted dire flail
 16327 | Lair:5   | Identified the +9 dire flail of Untruth {crush, rN+} (You
                  | found it on level 5 of the Lair of Beasts)
 16731 | Lair:6   | Entered Level 6 of the Lair of Beasts
 16917 | Lair:6   | Reached XP level 14. HP: 98/126 MP: 14/14
 16917 | Lair:6   | Noticed an entropy weaver
 17432 | Lair:5   | Received a gift from Okawaru
 17597 | Lair:6   | Reached skill level 16 in Shields
 18010 | Lair:6   | Killed an entropy weaver
 18190 | Lair:6   | Paralysed by a hornet for 2 turns
 18562 | Lair:6   | Noticed an entropy weaver
 18570 | Lair:6   | Killed an entropy weaver
 19431 | Lair:3   | Received a gift from Okawaru
 19657 | Orc:1    | Entered Level 1 of the Orcish Mines
 19707 | Orc:1    | Identified a scroll of acquirement
 19728 | Orc:1    | Reached skill level 17 in Shields
 19756 | Orc:1    | Noticed Jorgrun
 19771 | Orc:1    | Found a flagged portal.
 19780 | Bailey   | Entered a bailey
 20876 | Orc:1    | Killed Jorgrun
 20876 | Orc:1    | Received a gift from Okawaru
 21274 | Orc:2    | Entered Level 2 of the Orcish Mines
 21325 | Orc:2    | Gained mutation: You are frail. (-10% HP) [a neqoxec]
 21724 | Orc:2    | Found Qoophu's Distillery.
 21740 | Orc:2    | Bought a potion of haste for 100 gold pieces
 21740 | Orc:2    | Bought a potion of mutation for 80 gold pieces
 21740 | Orc:2    | Bought a potion of might for 40 gold pieces
 21765 | Orc:2    | Found Xirifeck's General Store.
 22288 | Orc:1    | Reached XP level 15. HP: 107/122 MP: 15/15
 22734 | Orc:2    | Found a staircase to the Elven Halls.
 22756 | Orc:2    | Received a gift from Okawaru
 22774 | Orc:2    | HP: 5/123 [orc warrior/+0 flail[an orc knight] (30)]
 22785 | Orc:2    | Got a brightly glowing plate armour {god gift}
 22796 | Orc:2    | Identified the +1 plate armour "Lawketwa" {*Corrode MR++}
                  | (Okawaru gifted it to you on level 2 of the Orcish Mines)
 23180 | Orc:2    | Found Deokin's Armour Shop.
 23181 | Orc:2    | Found Votaiplu's Distillery.
 23207 | Orc:2    | Found a roughly hewn altar of Beogh.
 23254 | Orc:2    | Found Gyhojoh's Jewellery Shop.
 23262 | Orc:2    | Bought the ring "Giskaib" {rC++ Str+2 Dex+5} for 680 gold
                  | pieces
 23898 | D:13     | Noticed Rupert
 23917 | D:13     | Killed Rupert
 23917 | D:13     | Reached skill level 18 in Shields
 24358 | D:14     | Found Botwun's Distillery.
 24374 | D:14     | Bought a potion of ambrosia for 128 gold pieces
 24374 | D:14     | Bought a potion of berserk rage for 80 gold pieces
 24754 | D:14     | Found a gate to the Vaults.
 24783 | D:14     | Received a gift from Okawaru
 25352 | D:14     | Found a shimmering altar of Xom.
 25420 | D:14     | Noticed Erica
 25441 | D:14     | Killed Erica
 26254 | D:15     | Entered Level 15 of the Dungeon
 26336 | D:15     | Reached skill level 15 in Fighting
 26358 | D:15     | Reached XP level 16. HP: 125/134 MP: 16/16
 26482 | D:15     | Found Hitoudeo's Magic Scroll Shop.
 26497 | D:15     | Received a gift from Okawaru
 26516 | D:15     | Got a warped morningstar {god gift}
 26517 | D:15     | Identified the +3 morningstar of Defiance {crush, MR+
                  | Dex+8} (Okawaru gifted it to you on level 15 of the
                  | Dungeon)
 26543 | D:15     | Bought a scroll of magic mapping for 56 gold pieces
 26543 | D:15     | Bought a scroll of magic mapping for 56 gold pieces
 26622 | D:15     | Reached skill level 19 in Shields
 27010 | D:15     | Found a staircase to the Depths.
 27464 | Shoals:1 | Entered Level 1 of the Shoals
 27830 | Shoals:1 | Got a jewelled halberd
 27831 | Shoals:1 | Identified the +7 halberd "Imemoiq" {chop, +Fly rF- Int+4}
                  | (You found it on level 1 of the Shoals)
 27923 | Shoals:1 | Received a gift from Okawaru
 28405 | Shoals:1 | Got a scorched eveningstar
 28406 | Shoals:1 | Identified the +10 eveningstar of Paoph {freeze, rC+} (You
                  | found it on level 1 of the Shoals)
 30096 | Shoals:2 | Reached skill level 20 in Shields
 30586 | Shoals:3 | Noticed Kirke
 30592 | Shoals:3 | Received a gift from Okawaru
 30603 | Shoals:3 | Killed Kirke
 31141 | Shoals:3 | Drowned by a drowned soul

Levels and vault maps discovered:
D:1:      mrwooster_arrival_statue_2, layout_basic
D:2:      layout_basic, serial_bayou_crossing, uniq_natasha
D:3:      layout_basic, okawaru_ov_weapons_minmay,
          nicolae_overflow_hidden_temple, uniq_jessica, uniq_ijyb
D:4:      layout_rooms, chequers_temple_overflow_statue_of_worship,
          ebering_ghost_sewer_d, fedhas_ov_isle_minmay
D:5:      corexii_shack_village, layout_cave_pools, lemuel_round_altar,
          evilmike_ruin_ashenzari, temple_green, first_ration
D:6:      kennysheep_steamy, layout_basic, old_standard_altar, led_sif_book,
          palyth_stone_intersect
D:7:      layout_basic, overflow_temple_1_default, marbit_many_paths,
          gammafunk_ghost_cemetery, serial_glass, glass_columns_a,
          glass_columns_b, minmay_misc_feat_enclosed
D:8:      layout_basic, uniq_maurice
D:9:      layout_loops_ring, kennysheep_mini, serial_shops, nicolae_shop_trees
D:10:     layout_loops_corners, grunt_lair_entry_orc_guard_hut, hangedman_ranch
          [blue_anna_fruit_fields]
D:11:     layout_loops_corners, basic_altar, elyvilon_altar_5, uniq_fannar,
          uniq_snorg
D:12:     layout_long_grid, orc_0_dummy, serial_shops, shop_statue, minivault_5,
          nicolae_tso_swordbearing_angel
D:13:     layout_loops_ring, minivault_24, uniq_rupert
D:14:     layout_loops_corners, lightli_vaults_fourway_checkpoint,
          lemuel_round_altar, serial_shops, shop, sword_in_stone
D:15:     grunt_enter_depths_magical_seal, layout_irregular_city,
          chequers_big_river, serial_shops, shop
Lair:1:   layout_gridlike, nicolae_quartered_pool_super,
          grunt_forest_stairs_basic, serial_bayou_lagoon_b,
          minmay_lair_oklob_chamber
Lair:2:   layout_roguey, serial_bayou_ford_a, grunt_megastairs_4,
          serial_bayou_shore_a, infiniplex_staircase_pool_2
Lair:3:   layout_gridlike, elwin_shoals_entry_rocks, serial_bayou_lagoon_a
Lair:4:   layout_loops_ring, nicolae_spider_entry_tight_spaces,
          lemuel_fruit_tree
Lair:5:   layout_long_grid, dpeg_slime_entry_corner, serial_rivers,
          chequers_serial_rivers_large_a, chequers_serial_rivers_micro_b,
          chequers_serial_rivers_micro_d, chequers_serial_rivers_micro_d,
          chequers_serial_rivers_micro_b, chequers_serial_rivers_small_3,
          cheibrodos_lair_lostbears
Lair:6:   minmay_lair_end_enchanted_forest, layout_regular_city,
          nicolae_lair_grove_arrangements, chequers_serial_rivers_micro_e,
          zaba_antful_of_joy, grunt_megastairs_1
Shoals:1: layout_shoals
Shoals:2: layout_shoals
Shoals:3: layout_shoals, uniq_kirke
Orc:1:    layout_caves, enter_bailey_2, uniq_jorgrun
Orc:2:    st_orc_open, layout_diamond_mine, serial_shops, nicolae_shop_stone,
          basic_altar, mines5_lemuel

Skill      XL: |  1  2  3  4  5  6  7  8  9 10 11 12 13 14 15 16 |
---------------+-------------------------------------------------+-----
Fighting       | 4 5 6 7 9 10 11 12 13 15 16 | 16.1
Shields        | 4 5 6 7 9 10 12 14 15 17 18 20 | 20.2
Long Blades    | 3 4 5 6 8 10 12 13 14 15 16 17 | 17.8
Armour         | 4 5 6 8 9 10 11 12 13 14 | 14.7
Dodging        | 1 2 3 4 5 6 7 |  7.0
Invocations    | 1 |  1.7
Stealth        | 1 2 |  2.3
Evocations     | 1 |  1.5

Action                   |  1- 3 |  4- 6 |  7- 9 | 10-12 | 13-15 | 16-18 || total
-------------------------+-------+-------+-------+-------+-------+-------++-------
Melee: Long sword        |    76 |    47 |    89 |   518 |       |       ||   730
       Headbutt          |    13 |    20 |    93 |   288 |   431 |   169 ||  1014
       Falchion          |       |    81 |   289 |    21 |    25 |       ||   416
       Scimitar          |       |       |       |   304 |    55 |     8 ||   367
       Demon blade       |       |       |       |       |  1394 |   509 ||  1903
Invok: Heroism           |       |       |     2 |     6 |     4 |     3 ||    15
Evoke: Wand              |       |       |     2 |       |     8 |       ||    10
  Use: Potion            |     1 |     1 |     1 |       |     5 |     1 ||     9
       Scroll            |       |     1 |     9 |       |    21 |     2 ||    33
  Eat: Chunk             |       |     7 |     8 |    17 |    33 |    16 ||    81
       Ration            |       |       |     2 |     1 |     3 |       ||     6
Armor: Scale mail        |     6 |       |       |       |       |       ||     6
       Chain mail        |    40 |    59 |   121 |   238 |   420 |       ||   878
       Plate armour      |       |       |       |       |   176 |   223 ||   399
Dodge: Dodged            |    18 |    27 |    95 |   162 |   492 |   180 ||   974
Block: Shield            |    47 |    50 |   211 |   640 |  1282 |   501 ||  2731
       Reflection        |       |       |       |    14 |       |       ||    14
       Rpst.: Long sword |     8 |     1 |     4 |    24 |       |       ||    37
       Falchion          |       |     7 |    17 |       |     5 |       ||    29
       Scimitar          |       |       |       |    15 |     3 |     2 ||    20
       Demon blade       |       |       |       |       |    89 |    29 ||   118

Table legend:
 A = Non-vault XP
 B = Vault XP
 C = Vault XP percentage of total XP
 D = Non-vault monster count
 E = Vault monster count
 F = Vault count percentage of total count
                 A         B        C        D         E       F
            +---------+---------+-------+---------+---------+-------
      Total |  145461 |   66925 |  31.5 |     712 |     219 |  23.5
            +---------+---------+-------+---------+---------+-------
        D:1 |      39 |       0 |   0.0 |      21 |       0 |   0.0
        D:2 |      97 |      35 |  26.5 |       8 |       1 |  11.1
        D:3 |     152 |      73 |  32.4 |      24 |       2 |   7.7
        D:4 |      56 |       0 |   0.0 |       3 |       0 |   0.0
        D:5 |     299 |      21 |   6.6 |      12 |       9 |  42.9
        D:6 |    1489 |     414 |  21.8 |      37 |       4 |   9.8
        D:7 |    1270 |     127 |   9.1 |      21 |       1 |   4.5
        D:8 |    1379 |     472 |  25.5 |      35 |       1 |   2.8
        D:9 |    2063 |       0 |   0.0 |      22 |       0 |   0.0
       D:10 |    3682 |    2835 |  43.5 |      26 |      13 |  33.3
       D:11 |    4386 |    2173 |  33.1 |      52 |       2 |   3.7
       D:12 |    6814 |       0 |   0.0 |      21 |       0 |   0.0
       D:13 |    6141 |    3008 |  32.9 |      35 |       1 |   2.8
       D:14 |   12011 |   10435 |  46.5 |      31 |      17 |  35.4
       D:15 |   14137 |    5852 |  29.3 |      45 |      11 |  19.6
     Lair:1 |    4161 |     587 |  12.4 |      20 |       2 |   9.1
     Lair:2 |    5685 |     274 |   4.6 |      33 |       1 |   2.9
     Lair:3 |    6697 |       0 |   0.0 |      26 |       0 |   0.0
     Lair:4 |    4668 |    1264 |  21.3 |      19 |       5 |  20.8
     Lair:5 |   11158 |    2432 |  17.9 |      33 |      12 |  26.7
     Lair:6 |    7330 |   13805 |  65.3 |      25 |      72 |  74.2
   Shoals:1 |   13807 |       0 |   0.0 |      31 |       0 |   0.0
   Shoals:2 |   19353 |       0 |   0.0 |      37 |       0 |   0.0
   Shoals:3 |    8303 |    1955 |  19.1 |      13 |       1 |   7.1
      Orc:1 |    5877 |    8171 |  58.2 |      51 |      12 |  19.0
      Orc:2 |    4407 |   11488 |  72.3 |      31 |      36 |  53.7
     Bailey |       0 |    1504 | 100.0 |       0 |      16 | 100.0
            +---------+---------+-------+---------+---------+-------
